 Dungeon Crawl Stone Soup version 0.25-a0-294-gea9b1ad378 (webtiles) character file.

Game seed: 10629151565461973470, levelgen mode: classic

2818 Borgoz the Protected (level 9, -3/51 HPs)
             Began as a Gargoyle Berserker on Dec 19, 2019.
             Was an Elder of Trog.
             Slain by a two-headed ogre
             ... wielding a +0 giant club
              (8 damage)
             ... on level 8 of the Dungeon.
             The game lasted 00:07:50 (6401 turns).

Borgoz the Protected (Gargoyle Berserker)           Turns: 6401, Time: 00:07:52

Health: -3/51      AC: 23    Str: 20    XL:     9   Next: 72%
Magic:  9/9        EV: 11    Int:  9    God:    Trog [****..]
Gold:   373        SH:  0    Dex: 12    Spells: 8/8 levels left

rFire    . . .     SeeInvis .   a - +1 falchion
rCold    . . .     Gourm    .   (no shield)
rNeg     + . .     Faith    .   e - +6 chain mail of the Princess {Str-2 Int+2 Stlth+}
rPois    ∞         Spirit   .   (no helmet)
rElec    +         Reflect  .   (no cloak)
rCorr    .         Harm     .   (no gloves)
MR       ++...                  (no boots)
Stlth    ..........             (no amulet)
HPRegen  0.17/turn              x - ring of protection from magic
MPRegen  0.11/turn              D - ring of protection from magic

@: berserk cooldown
A: negative energy resistance 1, electricity resistance, unbreathing,
petrification resistance, rot immunity, AC +6
a: Berserk, Trog's Hand, Brothers in Arms, Renounce Religion


You were on level 8 of the Dungeon.
You worshipped Trog.
Trog was greatly pleased with you.
You were near starving.

You visited 1 branch of the dungeon, and saw 8 of its levels.

You collected 373 gold pieces.

Inventory:

Hand Weapons
 a - a +1 falchion (weapon)
Armour
 e - the +6 chain mail of the Princess (worn) {Str-2 Int+2 Stlth+}
   (You found it on level 5 of the Dungeon)

   It affects your strength (-2).
   It affects your intelligence (+2).
   It makes you more stealthy.
Jewellery
 p - an uncursed ring of resist corrosion
 x - a ring of protection from magic (left hand)
 z - an uncursed ring of positive energy {unknown}
 D - a ring of protection from magic (right hand)
Wands
 w - a wand of random effects (37)
 B - a wand of flame (18)
Scrolls
 j - 2 scrolls of enchant armour
 m - a scroll of amnesia {unknown}
 n - a scroll of fear {unknown}
 s - 4 scrolls of noise {unknown}
 t - 2 scrolls of immolation {unknown}
 u - 2 scrolls of random uselessness {unknown}
 y - 2 scrolls of teleportation {unknown}
 A - 2 scrolls of identify
 C - 2 scrolls of remove curse
Potions
 b - a potion of haste {unknown}
 d - a potion of berserk rage
 f - a potion of mutation {unknown}
 g - 2 potions of brilliance {unknown}
 h - 3 potions of heal wounds
 i - 3 potions of lignification {unknown}
 l - a potion of resistance
 o - 3 potions of curing
 q - 3 potions of might {unknown}
 r - 2 potions of flight
 E - a potion of cancellation {unknown}
Comestibles
 c - 18 rations


   Skills:
 - Level 3.2 Fighting
 + Level 7.4 Long Blades
 + Level 8.6 Armour
 + Level 6.5 Dodging


You had 8 spell levels left.
You didn't know any spells.
Your spell library was empty.

Dungeon Overview and Level Annotations

Branches:
Dungeon (8/15)             Temple (0/1) D:6
   Lair: D:8-11

Altars:
Cheibriados
Dithmenos
Fedhas
Makhleb
Qazlal
Ru
Xom


Innate Abilities, Weirdness & Mutations

You are resistant to torment.
Your stone body is resilient. (AC +6)
You are immune to poison.
You resist negative energy. (rN+)
You are resistant to electric shocks. (rElec)
You can survive without breathing.
You are immune to petrification.
You are immune to rotting.


Message History

The two-headed ogre is heavily wounded.
The iceblast engulfs you but does no damage.
You hear a shout! x4
The two-headed ogre hits you with a +0 giant club!
* * * LOW HITPOINT WARNING * * *
The two-headed ogre closely misses you.
You feel much better. The two-headed ogre barely misses you.
The two-headed ogre hits you with a cursed -3 giant club.
You slash the two-headed ogre!
The two-headed ogre is heavily wounded.
The two-headed ogre hits you but does no damage.
The two-headed ogre hits you with a cursed -3 giant club!
* * * LOW HITPOINT WARNING * * *
You hit the two-headed ogre.
The two-headed ogre is heavily wounded.
You feel yourself speed up.
The two-headed ogre hits you with a +0 giant club!
* * * LOW HITPOINT WARNING * * *
The two-headed ogre hits you with a cursed -3 giant club!
You die...

## . .## .( .... ..# ####
.. .... #.# ..###.# .....
#.# #.....# .....
###.#########....#
......##..........#.....##
......#<.@O.............$.
#..............##..#.
#..>.................
#............[)###...
#..)..............###
#...<.>..............
##............#####..
##...........# .
.....######..#


You could see a two-headed ogre.

Vanquished Creatures
  Grinder (D:6)
  A wyvern (D:8)
  3 hogs (D:7)
  A human (D:7)
  A yak (D:7)
  A necrophage (D:6)
  An ice beast (D:6)
  A black bear (D:6)
  2 ogres
  3 bullfrogs (D:6)
  A gnoll sergeant (D:6)
  4 scorpions
  5 howler monkeys
  2 crimson imps
  A bullfrog skeleton (D:4)
  3 hounds
  3 jellies
  Natasha (D:4)
  An orc wizard (D:4)
  3 worker ants
  2 hound skeletons
  A howler monkey zombie (D:6)
  7 gnolls
  8 adders
  A shadow imp (D:6)
  3 oozes (D:1)
  An adder skeleton (D:4)
  2 worms
  3 dart slugs
  7 leopard geckos
  14 orcs
  5 giant cockroaches
  4 hobgoblins (D:2)
  7 jackals
  5 kobolds
  2 quokkas
  3 bats
  5 frilled lizards
  6 goblins
  2 quokka zombies
  8 rats
135 creatures vanquished.

Notes
Turn   | Place    | Note
-------+----------+-------------------------------------------
     0 | D:1      | Borgoz the Gargoyle Berserker began the quest for the Orb.
     0 | D:1      | Reached XP level 1. HP: 14/14 MP: 1/1
    20 | D:1      | Reached XP level 2. HP: 7/19 MP: 2/2
   407 | D:1      | Reached XP level 3. HP: 23/23 MP: 3/3
   733 | D:2      | Reached skill level 3 in Armour
   739 | D:2      | Found a stormy altar of Qazlal.
   930 | D:2      | Reached XP level 4. HP: 27/28 MP: 4/4
  1144 | D:2      | Reached ** piety under Trog
  1411 | D:2      | Found a snail-covered altar of Cheibriados.
  1581 | D:3      | Reached XP level 5. HP: 15/32 MP: 5/5
  1863 | D:3      | Reached skill level 4 in Armour
  2148 | D:3      | Found a shimmering altar of Xom.
  2149 | D:3      | Found a shimmering altar of Xom.
  2149 | D:3      | Found a shimmering altar of Xom.
  2486 | D:4      | Reached XP level 6. HP: 32/37 MP: 6/6
  2968 | D:4      | Noticed Natasha
  2981 | D:4      | Killed Natasha
  2988 | D:4      | Reached XP level 7. HP: 26/41 MP: 7/7
  3520 | D:4      | Reached *** piety under Trog
  3520 | D:4      | Reached skill level 5 in Armour
  3613 | D:5      | Entered Level 5 of the Dungeon
  3747 | D:5      | Found a burning altar of Makhleb.
  4101 | D:5      | Found a blossoming altar of Fedhas.
  4171 | D:5      | Got a shimmering chain mail
  4182 | D:5      | Identified the +6 chain mail of the Princess {Str-2 Int+2
                  | Stlth+} (You found it on level 5 of the Dungeon)
  4185 | D:5      | Found a stormy altar of Qazlal.
  4568 | D:6      | Reached skill level 5 in Long Blades
  4745 | D:6      | Reached XP level 8. HP: 46/46 MP: 8/8
  4791 | D:6      | Reached skill level 6 in Armour
  4820 | D:6      | Found a staircase to the Ecumenical Temple.
  5020 | D:6      | Noticed Grinder
  5043 | D:6      | Killed Grinder
  5043 | D:6      | Reached skill level 5 in Dodging
  5087 | D:6      | Reached skill level 7 in Armour
  5236 | D:6      | Found a sacrificial altar of Ru.
  5589 | D:7      | Noticed a yak
  5598 | D:7      | Reached XP level 9. HP: 51/51 MP: 9/9
  5616 | D:7      | Reached skill level 8 in Armour
  5928 | D:7      | Reached **** piety under Trog
  6018 | D:7      | Found a shadowy altar of Dithmenos.
  6376 | D:8      | Noticed a two-headed ogre
  6401 | D:8      | Slain by a two-headed ogre

Levels and vault maps discovered:
D:1:      dpeg_arrival_shelter, layout_basic, nrook_mini_backslash
D:2:      layout_basic, nicolae_overflow_hidden_temple, first_ration,
          nicolae_qazlal_eye_of_the_storm
D:3:      layout_rooms, xom_redecorated
D:4:      layout_basic, minivault_23, uniq_natasha
D:5:      layout_basic, lemuel_doored_altar, lemuel_round_altar,
          lemuel_crystal_altar
D:6:      layout_loops_ring, nicolae_overflow_crystal_walls, temple_fountains,
          chequers_serial_rivers_marsh, uniq_grinder
D:7:      layout_loops_ring, grunt_livestock, hangedman_decor_push,
          nicolae_dithmenos_the_darkroom
D:8:      layout_rooms, minmay_tree_intersection, uniq_joseph

Skill      XL: |  1  2  3  4  5  6  7  8  9 |
---------------+----------------------------+-----
Long Blades    | 3 4 5 6 7 |  7.4
Dodging        | 2 3 4 5 6 |  6.5
Armour         | 3 4 5 7 8 |  8.6
Fighting       | |  3.2

Action                   |  1- 3 |  4- 6 |  7- 9 || total
-------------------------+-------+-------+-------++-------
Melee: Falchion          |    67 |   202 |   435 ||   704
Throw: Throwing net      |       |       |     1 ||     1
Invok: Berserk           |     1 |     4 |     5 ||    10
Evoke: Wand              |       |       |     1 ||     1
  Use: Scroll            |       |       |    10 ||    10
       Potion            |       |       |     1 ||     1
 Stab: Held in net/web   |       |       |     2 ||     2
  Eat: Chunk             |     1 |    10 |    12 ||    23
       Ration            |       |       |     1 ||     1
Armor: Animal skin       |    22 |    67 |    31 ||   120
       Chain mail        |       |       |   219 ||   219
Dodge: Dodged            |    48 |   158 |   220 ||   426
       Rpst.: Falchion   |    14 |    37 |    71 ||   122

Table legend:
 A = Non-vault XP
 B = Vault XP
 C = Vault XP percentage of total XP
 D = Non-vault monster count
 E = Vault monster count
 F = Vault count percentage of total count
                 A         B        C        D         E       F
            +---------+---------+-------+---------+---------+-------
      Total |    2722 |    1304 |  32.4 |     128 |       7 |   5.2
            +---------+---------+-------+---------+---------+-------
        D:1 |      44 |       0 |   0.0 |      15 |       0 |   0.0
        D:2 |      65 |       0 |   0.0 |      17 |       0 |   0.0
        D:3 |     195 |       0 |   0.0 |      30 |       0 |   0.0
        D:4 |     353 |      36 |   9.3 |      19 |       1 |   5.0
        D:5 |     161 |       0 |   0.0 |       8 |       0 |   0.0
        D:6 |    1227 |     258 |  17.4 |      25 |       1 |   3.8
        D:7 |     276 |    1010 |  78.5 |       9 |       5 |  35.7
        D:8 |     401 |       0 |   0.0 |       5 |       0 |   0.0
            +---------+---------+-------+---------+---------+-------
